Map: Cyber Forest LE

Players

SouLeer

  • Race: Zerg Zerg
  • Spawn Location: 5:00

llllllllllll (Stats) - Winner!

  • Race: Protoss Protoss
  • League: Grandmaster
  • Spawn Location: 11:00

Event: HomeStory Cup XIX

VOD

Have the link to the VOD?

Description

Time

  • Played on: June 27, 2019, 3:23 p.m.
  • Length: 11:06

All games in this series

Show
View Real Time Build Order
Export as new Build Order

SouLeer Zerg 

Build Orders: Hatch First 

Get SALT Encoding   

  12  0:02  Drone  
  13  0:15  Overlord  
  13  0:17  Drone  
  14  0:33  Drone x2  
  16  0:50  Hatchery  
  16  0:53  Drone  
  16  0:56  Drone  
  17  1:00  Drone  
  18  1:10  Extractor  
  17  1:16  Spawning Pool  
  16  1:18  Drone  
  16  1:21  Drone  
  18  1:30  Drone  
  19  1:41  Drone  
  20  1:53  Overlord  
  20  2:03  Queen x2  
  20  2:04  Zergling x2  
  20  2:05  Zergling x2  
  26  2:14  Drone  
  26  2:15  Drone  
  28  2:24  Drone x2  
  30  2:36  Hatchery  
  29  2:44  Pneumatized Carapace  
  29  2:45  Drone  
  29  2:49  Drone  
  31  2:52  Metabolic Boost  
  31  2:57  Drone  
  32  3:01  Overlord  
  32  3:03  Drone  
  33  3:06  Drone  
  33  3:09  Zergling x2  
  33  3:11  Zergling x2  
  36  3:20  Drone x4  
  40  3:27  Queen  
  40  3:31  Drone  
  43  3:34  Drone  
  43  3:40  Overlord  
  44  3:42  Lair  
  44  3:51  Overlord  
  44  3:53  Spore Crawler  
  44  3:55  Spore Crawler  
  42  3:58  Drone  
  42  3:59  Drone x2  
  46  4:02  Zergling x2  
  46  4:07  Zergling x4  
  48  4:11  Zergling x2, Spore Crawler  
  48  4:12  Zergling x2  
  48  4:15  Zergling x2  
  48  4:16  Zergling x4  
  52  4:19  Drone x2  
  52  4:22  Drone  
  55  4:27  Drone x3  
  58  4:32  Overlord  
  58  4:37  Overlord  
  58  4:40  Overlord  
  58  4:43  Extractor  
  58  4:44  Extractor  
  58  4:45  Roach Warren  
  55  4:47  Overseer  
  55  4:52  Drone x3  
  58  4:53  Drone x2  
  58  4:58  Drone x3  
  61  5:11  Spore Crawler  
  58  5:17  Overlord  
  55  5:24  Roach  
  55  5:25  Roach x7  
  55  5:28  Roach x3  
  77  5:32  Drone x2  
  79  5:40  Drone x4  
  79  5:41  Drone  
  79  5:42  Glial Reconstitution  
  84  5:52  Drone x3  
  84  5:54  Overlord  
  85  5:58  Drone x4, Extractor  
  85  6:01  Drone x2  
  90  6:05  Overlord  
  90  6:09  Evolution Chamber  
  89  6:12  Queen, Overlord  
  89  6:14  Overlord  
  91  6:25  Extractor  
  90  6:34  Drone x3  
  90  6:36  Drone  
  90  6:39  Zerg Missile Weapons Level 1, Overlord  
  94  6:41  Roach x4  
  94  6:43  Roach x2  
  94  6:44  Hatchery  
  105  6:47  Overlord  
  105  6:48  Overlord  
  106  6:56  Overlord  
  106  6:57  Overlord  
  105  7:01  Overlord  
  105  7:10  Overlord  
  105  7:15  Ravager x4  
  109  7:16  Roach x3  
  109  7:18  Roach x3  
  109  7:21  Ravager  
  122  7:23  Overlord x2  
  122  7:29  Ravager x3  
  125  7:30  Roach x2  
  125  7:31  Overlord  
  125  7:32  Overlord  
  129  7:40  Ravager  
  129  7:43  Roach x4  
  138  7:46  Ravager x2  
  138  7:47  Roach x3  
  138  7:51  Roach x2  
  150  7:53  Roach  
  150  7:54  Roach  
  150  7:58  Roach x2  
  158  8:01  Roach x2  
  158  8:02  Overlord x2  
  162  8:09  Overlord  
  162  8:10  Overlord x2  
  162  8:12  Overseer  
  162  8:13  Overseer  
  159  8:22  Drone x2  
  159  8:23  Drone x3  
  159  8:25  Ravager x2  
  163  8:29  Roach x4  
  163  8:32  Roach  
  173  8:39  Roach x2  
  177  8:46  Zerg Missile Weapons Level 2  
  177  8:49  Hatchery  
  177  8:53  Roach x3  
  177  8:55  Overlord  
  182  8:57  Overlord  
  182  9:01  Roach x3  
  188  9:10  Roach x3  
  188  9:11  Roach  
  195  9:22  Roach x3  
  198  9:26  Drone  
  199  9:35  Overlord x2  
  199  9:36  Hatchery  
  198  9:45  Roach x2  
  198  9:56  Ravager x2  
  200  10:06  Ravager x3  
  197  10:31  Roach x2  
  191  10:38  Roach x6  
  184  10:43  Roach x7  
  184  10:46  Roach x5  
  184  10:47  Roach x3  
Show
View Real Time Build Order
Export as new Build Order

llllllllllll Protoss - Winner!

Build Orders: 1 Gate Expand, Archon Immortal, Archon Drop, Dark Templar Rush 

Get SALT Encoding   

  12  0:00  Probe  
  13  0:13  Probe  
  14  0:19  Pylon  
  14  0:25  Probe  
  15  0:33  Probe  
  15  0:41  Probe  
  16  0:44  Gateway  
  16  0:46  Assimilator  
  17  0:51  Probe  
  18  1:03  Probe  
  19  1:15  Probe  
  20  1:23  Nexus  
  20  1:33  Cybernetics Core  
  20  1:35  Probe  
  21  1:42  Assimilator  
  21  1:47  Probe  
  21  1:51  Pylon  
  22  1:59  Probe, Adept  
  23  2:11  Probe  
  23  2:13  Warp Gate  
  26  2:20  Robotics Facility  
  26  2:24  Probe  
  26  2:29  Stalker  
  29  2:31  Probe  
  29  2:32  Probe  
  31  2:40  Probe x2  
  32  2:49  Twilight Council  
  32  2:50  Probe  
  33  2:53  Probe  
  33  2:58  Warp Prism  
  35  3:03  Probe  
  35  3:05  Probe  
  39  3:15  Probe  
  39  3:17  Probe  
  43  3:25  Dark Shrine  
  43  3:28  Probe  
  43  3:29  Probe  
  43  3:33  Pylon  
  45  3:35  Gateway  
  43  3:44  Gateway  
  43  3:46  Gateway  
  43  3:47  Probe  
  43  3:48  Probe  
  45  3:51  Observer  
  46  3:59  Probe  
  46  4:00  Probe, Pylon  
  46  4:01  Assimilator  
  48  4:04  Assimilator  
  48  4:05  Adept  
  50  4:12  Probe x2  
  52  4:18  Pylon  
  52  4:23  Pylon  
  52  4:25  Probe  
  52  4:26  Probe  
  54  4:41  Dark Templar x2, Immortal  
  54  4:42  Dark Templar  
  64  4:56  Gateway x2  
  64  5:03  Probe x2  
  66  5:11  Immortal  
  70  5:24  Probe x2  
  70  5:28  Pylon  
  72  5:31  Dark Templar  
  72  5:32  Archon  
  72  5:35  Archon  
  74  5:37  Sentry x2  
  74  5:39  Nexus  
  74  5:40  Charge  
  74  5:41  Immortal, Pylon  
  78  5:46  Probe x2  
  84  5:57  Sentry  
  84  6:01  Zealot  
  88  6:05  Sentry  
  90  6:18  Zealot x2  
  90  6:21  Pylon  
  90  6:22  Pylon  
  90  6:24  Pylon  
  94  6:27  Shield Battery  
  94  6:39  Probe x2  
  96  6:41  Forge  
  96  6:42  Zealot x6  
  96  6:45  Immortal  
  108  6:52  Probe x3  
  115  6:59  Protoss Ground Weapons Level 1  
  115  7:10  Zealot x6  
  127  7:15  Immortal  
  127  7:23  Probe x2  
  127  7:25  Pylon  
  127  7:26  Pylon  
  133  7:42  Blink  
  133  7:43  Probe x3  
  136  7:45  Dark Templar x2  
  136  7:46  Dark Templar x2  
  136  7:49  Templar Archives, Archon  
  136  7:50  Archon  
  144  7:56  Photon Cannon  
  144  8:00  Immortal  
  144  8:05  Photon Cannon  
  144  8:06  Photon Cannon  
  148  8:17  Pylon  
  148  8:21  Pylon  
  148  8:28  Assimilator  
  148  8:30  Psionic Storm  
  148  8:32  Assimilator  
  148  8:35  High Templar  
  148  8:36  Zealot x2, High Templar  
  148  8:39  Pylon  
  148  8:40  Zealot x2, Pylon  
  160  8:42  Pylon  
  160  8:46  Protoss Ground Weapons Level 2  
  160  8:57  Gateway  
  160  8:58  Gateway  
  160  9:01  Pylon  
  160  9:03  Pylon  
  150  9:25  High Templar  
  150  9:26  Zealot x4  
  150  9:29  High Templar  
  160  9:37  Immortal  
  164  9:51  Nexus  
  164  9:52  Pylon  
  164  9:56  Zealot x6  
  164  9:59  Zealot  
  176  10:02  Zealot  
  176  10:09  Immortal  
  176  10:18  Stalker x3  
  176  10:19  Stalker x2  
  176  10:21  Stalker x2  
  192  10:25  Stalker  
  168  10:48  Stalker x7  
  153  10:52  Pylon  
Tags
 
Add a new tag
Caveats
  • Supply blocks, unpowered buildings, or Contaminate may cause inaccurate times.
  • Supply counts are checked every 10 seconds.